[ AOE2 MATCH · #506374215 ]
UnrankedSicilians vs Muisca
Player's team · LOSS
Rival team · WIN
[ REPLAY ANALYSIS · EXTRACTED FROM THE RECORDED GAME ]
Feudal
10:56
Castle
15:15
Imperial
—
| APM avg | 61.8 |
| APM peak | 117 |
| eAPM avg | 34.3 |
| Villagers / military | 87 / 17 |
Focus
⚔️ 43.7% · 🌾 56.3%
Archer ×13 · Mangonel ×3 · Knight ×1
Feudal
12:16
Castle
17:01
Imperial
—
| APM avg | 38.7 |
| APM peak | 81 |
| eAPM avg | 21.6 |
| Villagers / military | 72 / 39 |
Focus
⚔️ 31.5% · 🌾 68.5%
Archer ×31 · Monk ×4 · Skirmisher ×4 · Unknown (2550) ×4 · Unknown (2586) ×2
Match map
Initial resources + every placement click. Lines = walls · curves = elevation contours. ◆ gold · ⬟ stone · ● berries · ✦ relic · ◌ wall gap
Your base· ✓ Closed at 15:15 · 21t walls · no gate
pren's base· ✓ Closed at 17:01 · 21t walls · 1 gate(s)
Smoothed initial terrain · ◌ = detected wall gap · hover for details
Inputs per minute
— Edelreiss - - pren
Build order — Edelreiss
First 150 of 187 actions detected
| 0:00 | Create | Villager (Male) |
| 0:01 | Create | Villager (Male) |
| 0:01 | Create | Villager (Male) |
| 0:02 | Build | House |
| 0:02 | Build | House |
| 0:04 | Create | Villager (Male) |
| 0:20 | Research | Loom |
| 0:25 | Create | Villager (Male) |
| 0:26 | Create | Villager (Male) |
| 0:28 | Create | Villager (Male) |
| 1:09 | Build | Palisade Wall |
| 1:30 | Create | Villager (Male) |
| 1:44 | Build | House |
| 1:58 | Create | Villager (Male) |
| 2:32 | Create | Villager (Male) |
| 3:03 | Create | Villager (Male) |
| 3:04 | Create | Villager (Male) |
| 3:34 | Create | Villager (Male) |
| 3:34 | Create | Villager (Male) |
| 4:00 | Create | Villager (Male) |
| 4:19 | Create | Villager (Male) |
| 4:30 | Create | Villager (Male) |
| 4:33 | Create | Villager (Male) |
| 4:36 | Create | Villager (Male) |
| 4:47 | Build | Lumber Camp |
| 5:17 | Create | Villager (Male) |
| 5:34 | Create | Villager (Male) |
| 5:46 | Build | House |
| 5:50 | Create | Villager (Male) |
| 6:08 | Create | Villager (Male) |
| 7:20 | Build | Mill |
| 7:42 | Create | Villager (Male) |
| 8:06 | Create | Villager (Male) |
| 8:21 | Build | Mining Camp |
| 8:23 | Research | Feudal Age |
| 9:51 | Build | House |
| 9:57 | Build | Palisade Wall |
| 10:06 | Build | Palisade Wall |
| 10:07 | Build | Palisade Wall |
| 10:15 | Build | Barracks |
| 10:22 | Build | Barracks |
| 10:32 | Create | Villager (Male) |
| 10:36 | Build | Palisade Wall |
| 10:38 | Build | Palisade Wall |
| 10:39 | Build | Palisade Wall |
| 10:41 | Create | Villager (Male) |
| 10:52 | Create | Villager (Male) |
| 10:56 | Age | Feudal Age |
| 11:10 | Build | Blacksmith |
| 11:14 | Create | Villager (Male) |
| 11:19 | Create | Villager (Male) |
| 11:38 | Build | Archery Range |
| 11:41 | Create | Villager (Male) |
| 11:50 | Build | House |
| 11:53 | Build | Palisade Wall |
| 11:54 | Build | Palisade Wall |
| 11:55 | Build | Palisade Wall |
| 12:23 | Create | Archer |
| 12:23 | Create | Archer |
| 12:35 | Research | Castle Age |
| 12:35 | Research | Castle Age |
| 12:38 | Build | Palisade Wall |
| 12:41 | Build | Palisade Wall |
| 12:43 | Build | Palisade Wall |
| 12:43 | Build | Palisade Wall |
| 13:02 | Create | Archer |
| 13:06 | Create | Villager (Male) |
| 13:23 | Research | Double-Bit Axe |
| 13:42 | Create | Archer |
| 13:57 | Research | Fletching |
| 13:57 | Research | Fletching |
| 14:00 | Create | Villager (Male) |
| 14:04 | Create | Villager (Male) |
| 14:17 | Create | Villager (Male) |
| 14:20 | Create | Archer |
| 14:25 | Build | Stable |
| 14:29 | Build | House |
| 14:33 | Create | Villager (Male) |
| 14:39 | Build | House |
| 14:48 | Create | Villager (Male) |
| 14:55 | Build | Donjon |
| 14:59 | Build | Donjon |
| 15:08 | Create | Villager (Male) |
| 15:15 | Age | Castle Age |
| 15:16 | Create | Knight |
| 15:20 | Create | Villager (Male) |
| 15:23 | Create | Villager (Male) |
| 15:34 | Research | Bow Saw |
| 15:34 | Research | Bow Saw |
| 15:59 | Create | Archer |
| 16:00 | Create | Villager (Male) |
| 16:04 | Build | Town Center |
| 16:07 | Create | Archer |
| 16:18 | Create | Villager (Male) |
| 16:20 | Build | Farm |
| 16:26 | Build | Farm |
| 16:45 | Create | Archer |
| 16:49 | Create | Archer |
| 16:57 | Create | Archer |
| 16:59 | Create | Archer |
| 17:00 | Create | Villager (Male) |
| 17:02 | Create | Archer |
| 17:19 | Build | Farm |
| 17:30 | Create | Villager (Male) |
| 17:31 | Create | Villager (Male) |
| 17:42 | Build | Farm |
| 17:45 | Build | Farm |
| 18:00 | Create | Villager (Male) |
| 18:02 | Build | Farm |
| 18:27 | Create | Villager (Male) |
| 18:28 | Create | Villager (Male) |
| 18:29 | Build | House |
| 18:35 | Create | Villager (Male) |
| 19:03 | Build | Siege Workshop |
| 19:04 | Create | Villager (Male) |
| 19:04 | Create | Villager (Male) |
| 19:14 | Build | Farm |
| 19:30 | Create | Villager (Male) |
| 19:39 | Create | Mangonel |
| 19:39 | Create | Mangonel |
| 19:42 | Create | Villager (Male) |
| 19:45 | Build | Farm |
| 19:55 | Create | Archer |
| 19:57 | Create | Villager (Male) |
| 19:57 | Create | Villager (Male) |
| 20:03 | Build | Farm |
| 20:05 | Build | Farm |
| 20:06 | Create | Villager (Male) |
| 20:21 | Build | Farm |
| 20:22 | Build | Farm |
| 20:24 | Create | Villager (Male) |
| 20:31 | Create | Villager (Male) |
| 20:31 | Create | Villager (Male) |
| 20:33 | Build | Farm |
| 20:43 | Create | Villager (Male) |
| 20:58 | Create | Villager (Male) |
| 21:05 | Create | Mangonel |
| 21:10 | Build | House |
| 21:14 | Build | House |
| 21:16 | Build | House |
| 21:26 | Create | Villager (Male) |
| 21:33 | Create | Villager (Male) |
| 21:38 | Create | Villager (Male) |
| 21:44 | Build | Farm |
| 21:44 | Build | Farm |
| 22:03 | Create | Villager (Male) |
| 22:16 | Create | Villager (Male) |
| 22:33 | Create | Villager (Male) |
| 22:34 | Create | Villager (Male) |
| 22:34 | Create | Villager (Male) |
Build order — pren
First 150 of 183 actions detected
| 0:00 | Create | Villager (Male) ×4 |
| 0:02 | Build | House |
| 0:03 | Build | House |
| 0:53 | Build | Palisade Wall |
| 1:31 | Create | Villager (Male) |
| 1:38 | Build | Settlement |
| 2:02 | Create | Villager (Male) |
| 2:32 | Create | Villager (Male) |
| 2:56 | Create | Villager (Male) |
| 3:14 | Create | Villager (Male) |
| 3:36 | Create | Villager (Male) |
| 4:05 | Create | Villager (Male) |
| 4:23 | Build | Outpost |
| 4:33 | Create | Villager (Male) |
| 4:43 | Build | Settlement |
| 4:48 | Create | Villager (Male) |
| 4:57 | Create | Villager (Male) |
| 5:22 | Create | Villager (Male) |
| 5:55 | Create | Villager (Male) |
| 5:55 | Create | Villager (Male) |
| 6:26 | Build | Barracks |
| 6:37 | Create | Villager (Male) |
| 6:56 | Build | House |
| 7:11 | Create | Villager (Male) |
| 7:17 | Create | Unit 2550 |
| 7:32 | Create | Unit 2550 |
| 7:40 | Build | House |
| 7:51 | Create | Villager (Male) |
| 7:53 | Create | Unit 2550 |
| 8:02 | Build | Settlement |
| 8:10 | Create | Villager (Male) |
| 8:36 | Create | Villager (Male) |
| 8:51 | Build | Palisade Gate |
| 9:03 | Create | Unit 2550 |
| 9:13 | Create | Villager (Male) |
| 9:13 | Create | Villager (Male) |
| 9:40 | Create | Villager (Male) |
| 9:42 | Build | Palisade Wall |
| 9:46 | Build | Palisade Wall |
| 10:04 | Create | Villager (Male) |
| 10:06 | Research | Feudal Age |
| 10:20 | Build | Settlement |
| 10:28 | Build | House |
| 11:13 | Create | Villager (Male) |
| 12:16 | Age | Feudal Age |
| 12:17 | Research | Tech 1402 |
| 12:17 | Research | Tech 1402 |
| 12:19 | Build | Archery Range |
| 12:22 | Research | Double-Bit Axe |
| 12:25 | Create | Villager (Male) |
| 12:41 | Create | Villager (Male) |
| 13:04 | Create | Villager (Male) |
| 13:08 | Build | Blacksmith |
| 13:14 | Create | Archer |
| 13:41 | Create | Archer |
| 13:48 | Create | Skirmisher |
| 13:53 | Build | House |
| 14:01 | Build | Farm |
| 14:16 | Create | Skirmisher |
| 14:21 | Research | Castle Age |
| 14:27 | Create | Skirmisher |
| 14:53 | Research | Fletching |
| 14:59 | Build | House |
| 15:11 | Create | Skirmisher |
| 15:16 | Build | Farm |
| 15:17 | Build | Farm |
| 15:18 | Build | Farm |
| 15:20 | Build | Farm |
| 16:01 | Build | Archery Range |
| 16:02 | Create | Archer |
| 16:02 | Create | Archer |
| 16:16 | Create | Archer |
| 17:01 | Age | Castle Age |
| 17:06 | Research | Crossbowman (upgrade) |
| 17:07 | Create | Villager (Male) |
| 17:07 | Create | Villager (Male) |
| 17:12 | Build | Town Center |
| 17:36 | Build | Farm |
| 17:37 | Build | Farm |
| 17:45 | Create | Villager (Male) |
| 17:49 | Create | Archer |
| 17:49 | Create | Archer |
| 17:52 | Create | Archer |
| 17:59 | Build | Farm |
| 18:11 | Create | Villager (Male) |
| 18:16 | Create | Archer |
| 18:17 | Create | Archer |
| 18:30 | Create | Villager (Male) |
| 18:37 | Create | Villager (Male) |
| 18:38 | Create | Villager (Male) |
| 18:47 | Build | Farm |
| 18:50 | Build | Farm |
| 18:53 | Build | Farm |
| 18:55 | Build | Farm |
| 18:57 | Build | Farm |
| 19:03 | Create | Archer |
| 19:04 | Research | Bodkin Arrow |
| 19:06 | Create | Archer |
| 19:14 | Build | Gate |
| 19:20 | Build | Gate |
| 19:21 | Build | Stone Wall |
| 19:22 | Build | Stone Wall |
| 19:23 | Build | Stone Wall |
| 19:24 | Create | Villager (Male) |
| 19:33 | Create | Archer |
| 19:33 | Create | Archer |
| 19:38 | Research | Loom |
| 19:39 | Create | Villager (Male) |
| 19:40 | Build | Farm |
| 19:42 | Build | Farm |
| 19:44 | Build | Farm |
| 19:46 | Create | Villager (Male) |
| 19:55 | Create | Archer |
| 20:04 | Build | House |
| 20:05 | Create | Villager (Male) |
| 20:15 | Create | Villager (Male) |
| 20:24 | Create | Villager (Male) |
| 20:38 | Build | Monastery |
| 20:51 | Create | Villager (Male) |
| 20:51 | Create | Villager (Male) |
| 20:57 | Create | Archer |
| 20:57 | Create | Archer |
| 21:08 | Create | Archer |
| 21:08 | Create | Archer |
| 21:23 | Create | Villager (Male) |
| 21:23 | Create | Villager (Male) |
| 21:28 | Build | Monastery |
| 21:36 | Create | Archer |
| 21:36 | Create | Archer |
| 21:47 | Create | Villager (Male) |
| 21:57 | Create | Monk |
| 21:58 | Create | Villager (Male) |
| 22:01 | Create | Villager (Male) |
| 22:01 | Create | Villager (Male) |
| 22:05 | Build | Settlement |
| 22:18 | Create | Villager (Male) |
| 22:19 | Create | Villager (Male) |
| 22:21 | Create | Archer |
| 22:34 | Create | Villager (Male) |
| 22:34 | Create | Villager (Male) |
| 22:35 | Create | Archer |
| 22:42 | Build | House |
| 22:43 | Build | House |
| 23:12 | Create | Archer |
| 23:16 | Create | Villager (Male) |
| 23:18 | Build | Monastery |
| 23:18 | Create | Villager (Male) |
| 23:22 | Build | Town Center |
| 23:23 | Create | Archer |
| 23:23 | Create | Archer |
Match timeline
| 0:53 | pren · wall_segment Palisade Wall x6 |
| 1:09 | Edelreiss · wall_segment Palisade Wall x5 |
| 6:26 | pren · first_building Barracks |
| 9:42 | pren · wall_segment Palisade Wall x5 |
| 9:46 | pren · wall_segment Palisade Wall x10 |
| 9:57 | Edelreiss · wall_segment Palisade Wall x4 |
| 10:06 | Edelreiss · wall_segment Palisade Wall x1 |
| 10:07 | Edelreiss · wall_segment Palisade Wall x1 |
| 10:15 | Edelreiss · first_building Barracks |
| 10:36 | Edelreiss · wall_segment Palisade Wall x1 |
| 10:38 | Edelreiss · wall_segment Palisade Wall x1 |
| 10:39 | Edelreiss · wall_segment Palisade Wall x1 |
| 10:56 | Edelreiss · age_up feudal |
| 11:38 | Edelreiss · first_building Archery Range |
| 11:53 | Edelreiss · wall_segment Palisade Wall x1 |
| 11:54 | Edelreiss · wall_segment Palisade Wall x1 |
| 11:55 | Edelreiss · wall_segment Palisade Wall x1 |
| 12:16 | pren · age_up feudal |
| 12:19 | pren · first_building Archery Range |
| 12:38 | Edelreiss · wall_segment Palisade Wall x1 |
| 12:41 | Edelreiss · wall_segment Palisade Wall x1 |
| 12:43 | Edelreiss · wall_segment Palisade Wall x1 |
| 12:43 | Edelreiss · wall_segment Palisade Wall x1 |
| 14:25 | Edelreiss · first_building Stable |
| 14:55 | Edelreiss · first_building Donjon |
| 15:15 | Edelreiss · age_up castle |
| 17:01 | pren · age_up castle |
| 19:03 | Edelreiss · first_building Siege Workshop |
| 19:21 | pren · wall_segment Stone Wall x1 |
| 19:22 | pren · wall_segment Stone Wall x1 |
| 19:23 | pren · wall_segment Stone Wall x3 |
| 20:38 | pren · first_building Monastery |
| 25:35 | pren · first_market_sell 100 wood |
| 26:20 | Edelreiss · first_building Castle |
| 26:52 | Edelreiss · resign |
[ AI ANALYSIS · 1 CREDIT ]
What really happened in this match?
Wolo.gg analyzes every decision: build order, eco, micro, common mistakes by bracket. Personalized analysis on WhatsApp or Discord in 30 seconds.
Civ guide
Sicilians
Perfil
Jugador #10336951